 Dungeon Crawl Stone Soup version 0.31.0-11-ge490571c62 (webtiles) character file.

Game seed: 3775944211883317418

12 Gadfly the Ruffian (level 2, 19/21 HPs)
             Began as a Demonspawn Shapeshifter on Jan 26, 2024.
             Quit the game on level 1 of the Dungeon.
             The game lasted 00:00:40 (332 turns).

Gadfly the Ruffian (Demonspawn Shapeshifter)         Turns: 332, Time: 00:00:41

Health: 19/21      AC:  2    Str: 14    XL:     2   Next: 20%
Magic:  2/2        EV: 12    Int: 10    God:
Gold:   31         SH:  0    Dex: 12    Spells: 1/1 levels left

rFire   . .          .
                       - Unarmed
rCold   . . .        (no shield)
rNeg    . . .        a - +0 animal skin
rPois   .            (helmet currently unavailable)
rElec   .            (cloak currently unavailable)
rCorr   .            (gloves currently unavailable)
SInv    .            (boots currently unavailable)
Will    .....        (no amulet)
Stlth   +            (no ring)
HPRegen 0.23/turn    (no ring)
MPRegen 0.08/turn

%: no passive effects
@: beast-form
A: beast (slay +1), powered by pain 1
a: Begin Untransformation


You were on level 1 of the Dungeon.
You were a hulking beast.
You visited 1 branch of the dungeon, and saw 1 of its levels.

You collected 31 gold pieces.

Inventory:

Armour
 a - a +0 animal skin (worn)
Talismans
 c - a beast talisman
 d - a flux talisman
Scrolls
 f - a scroll of teleportation {unknown}
 h - a scroll of identify {unknown}
Potions
 b - a potion of lignification
 e - a potion of enlightenment {unknown}
 g - 2 potions of curing {unknown}
 i - a potion of might {unknown}


   Skills:
 + Level 1.3 Fighting
 * Level 2.0 Dodging
 + Level 2.7 Unarmed Combat
 * Level 0.7 Evocations
 + Level 2.7 Shapeshifting


You had one spell level left.
You didn't know any spells.
Your spell library was empty.

Dungeon Overview and Level Annotations

Branches:
Dungeon (1/15)

Altars:


Innate Abilities, Weirdness & Mutations

You are a hulking beast.
Your limbs bulge with bestial killing power. (Slay +1)
You sometimes gain a little power by taking damage.


Message History

You kill the frilled lizard!
No target in view!
No target in view!
No target in view!
No target in view!
A rat comes into view.
A rat is nearby!
A rat is nearby!
A rat is nearby!
Found 3 gold pieces.
The rat squeaks loudly.
No target in view!
No target in view!
No target in view!
No target in view!
No target in view!
No target in view!
No target in view!
No target in view!
No target in view!
Found a stone staircase leading down.
The rat closely misses you. The rat attacks as it pursues you!
The rat closely misses you. The rat bites you but does no damage.
A kobold comes into view. It is wielding a +0 short sword.
The kobold shouts!
The kobold barely misses you.
The kobold hits you with a +0 short sword.
The rat twitches its whiskers.
You hit the kobold.
The kobold is severely wounded.
The kobold misses you.
You hit the kobold.
You kill the kobold!
You hit the rat.
You kill the rat!
Things that are here:
a +0 short sword; a rat corpse; a kobold corpse
Okay, then.
Are you sure you want to abandon this character and quit the game? (Confirm with "yes".)

###.........#...
##........$..#
#.........#.>.
♣.♣.......####
#.#######.# ♣
### #.#
#...#♣.♣#♣
#......#
###♣h♣.♣#
#.....#
#.....♣.♣#
#####....#
####.# .. ##


There were no monsters in sight!

Vanquished Creatures
  A ball python (D:1)
  An endoplasm (D:1)
  A giant cockroach (D:1)
  3 goblins (D:1)
  2 kobolds (D:1)
  A bat (D:1)
  A frilled lizard (D:1)
  A rat (D:1)
11 creatures vanquished.

Notes
Turn   | Place    | Note
-------+----------+-------------------------------------------
     0 | D:1      | Gadfly the Demonspawn Shapeshifter began the quest for the
                  | Orb.
     0 | D:1      | Reached XP level 1. HP: 15/15 MP: 1/1
   267 | D:1      | Gained mutation: You sometimes gain a little power by
                  | taking damage. [demonic ancestry]
   267 | D:1      | Reached XP level 2. HP: 20/21 MP: 2/2
   332 | D:1      | Quit the game

Illustrated notes

Levels and vault maps discovered:
D:1:      dpeg_arrival_short_road, layout_basic,
          hellmonk_ecumenical_altar_lost_god, serial_forest,
          infiniplex_forest_end_double, infiniplex_forest_fountain,
          infiniplex_forest_straight_3, infiniplex_forest_lined_corner,
          infiniplex_forest_zigzag_2, infiniplex_forest_lined_corner,
          infiniplex_forest_zigzag_2, infiniplex_forest_split,
          infiniplex_forest_clump_double

Skill      XL: |  1 |
---------------+----+-----
Dodging        | 2 |  2.0
Fighting       | |  1.3
Unarmed Combat | |  2.7
Evocations     | |  0.7
Shapeshifting  | |  2.7

Action                     || total
---------------------------++-------
  Melee: Unarmed           ||    41
         Punch             ||     1
 Armour: Animal skin       ||    23
  Dodge: Dodged            ||    29
